 Dungeon Crawl Stone Soup version 0.27.1-34-g3ba077fa99 (webtiles) character file.

Game seed: 12283673216214454592

2393 zeram the Cudgeller (level 9, -6/55 HPs)
             Began as a Gargoyle Fighter on Jan 24, 2022.
             Was an Initiate of Qazlal.
             Mangled by an unseen horror (9 damage)
             ... on level 7 of the Dungeon.
             The game lasted 00:11:41 (6755 turns).

zeram the Cudgeller (Gargoyle Fighter)              Turns: 6755, Time: 00:11:42

Health: -6/55      AC: 20    Str: 23    XL:     9   Next: 46%
Magic:  9/9        EV:  9    Int:  9    God:    Qazlal [......]
Gold:   184        SH: 10    Dex:  9    Spells: 8/8 levels left

rFire    + . .     SeeInvis .   a - +1 flail
rCold    + . .     Faith    .   c - +0 kite shield
rNeg     + . .     Spirit   .   b - +0 scale mail
rPois    ∞         Reflect  .   m - +1 helmet
rElec    +         Harm     .   w - +0 cloak
rCorr    .         Rampage  .   (no gloves)
Will     .....                  h - +1 pair of boots
Stlth    ..........             (no amulet)
HPRegen  0.18/turn              d - ring of protection from cold
MPRegen  0.11/turn              q - ring of protection from fire

@: no status effects
A: sickness immunity, AC +6, negative energy resistance 1, electricity
resistance, torment resistance 1, petrification resistance
a: Renounce Religion


You were on level 7 of the Dungeon.
You worshipped Qazlal.
Qazlal was noncommittal.
You visited 2 branches of the dungeon, and saw 8 of its levels.

You collected 184 gold pieces.

Inventory:

Hand Weapons
 a - a +1 flail (weapon)
 p - a +1 whip of flaming
Armour
 b - a +0 scale mail (worn)
 c - a +0 kite shield (worn)
 g - +0 steam dragon scales
 h - a +1 pair of boots (worn)
 m - a +1 helmet (worn)
 w - a +0 cloak (worn)
Jewellery
 d - a ring of protection from cold (left hand)
 o - the ring of the Screaming King {Ice Str-2 Dex+3}
   (You found it on level 4 of the Dungeon)

   [ring of ice]

   It enhances your ice magic.
   Str:       It affects your strength (-2).
   Dex:       It affects your dexterity (+3).
   rF:        It makes you vulnerable to fire.
   rC:        It protects you from cold.
 q - a ring of protection from fire (right hand)
 t - a +6 ring of dexterity
Wands
 k - a wand of charming (22)
 u - a wand of polymorph (9)
Scrolls
 i - a scroll of teleportation
 v - a scroll of fog
Potions
 e - 2 potions of attraction
 f - a potion of haste
 j - a potion of berserk rage {unknown}
 l - 2 potions of heal wounds {unknown}
 s - a potion of degeneration {unknown}


   Skills:
 + Level 5.9 Fighting
 + Level 7.9 Maces & Flails
 + Level 6.7 Armour
 + Level 2.7 Dodging
 + Level 7.1 Shields


You had 8 spell levels left.
You didn't know any spells.
Your spell library contained the following spells:

 Spells                   Type           Power      Damage    Failure   Level
 Magic Dart               Conj           0%         1d3       95%         1
 Summon Small Mammal      Summ           0%         N/A       95%         1
 Call Imp                 Summ           0%         N/A       98%         2
 Passwall                 Tmut/Erth      0%         N/A       98%         2
 Call Canine Familiar     Summ           0%         N/A       100%        3
 Mephitic Cloud           Conj/Pois/Air  0%         N/A       100%        3
 Summon Guardian Golem    Hex/Summ       0%         N/A       100%        3
 Swiftness                Air            0%         N/A       100%        3
 Invisibility             Hex            0%         N/A       100%        6


Dungeon Overview and Level Annotations

Branches:
Dungeon (7/15)             Temple (1/1) D:6

Altars:
Ashenzari
Cheibriados
Dithmenos
Elyvilon
Fedhas
Gozag
Hepliaklqana
Kikubaaqudgha
Makhleb
Nemelex Xobeh
Okawaru
Qazlal
Ru
Sif Muna
Trog
Uskayaw
Vehumet
Wu Jian
Xom
Yredelemnul
Zin
The Shining One

Annotations:
D:3 3 runed translucent doors, Uniporpoise's ghost, weakling DsFi; cbfl8's ghost, amateur MiWn; mrw3rdna's ghost, amateur DsAK; zeram's ghost, amateur GrFi
D:7 Prince Ribbit


Innate Abilities, Weirdness & Mutations

You are immune to sickness and miasma.
Your stone body is resilient. (AC +6)
You are immune to poison.
You resist negative energy. (rN+)
You are resistant to electric shocks. (rElec)
You are resistant to unholy torment.
You are immune to petrification.


Message History

Something hits you but does no damage.
Your shield and scale mail prevent you from hitting the steam dragon.
The steam dragon is almost dead.
Something hits you but does no damage. x2; The steam dragon closely misses you.
The steam dragon barely misses you.
Unknown command.
You closely miss the steam dragon.
The steam dragon is almost dead.
You feel less invigorated.
You feel less confused. Something hits you.
* * * LOW HITPOINT WARNING * * *
The steam dragon breathes steam at you. The ball of steam misses you.
Unknown command.
You thump the steam dragon!
You kill the steam dragon!
Qazlal accepts your kill.
The steam dragon scales are intact enough to wear.
Something hits you!
* * * LOW HITPOINT WARNING * * *
Unknown command.
Something hits you.
* * * LOW HITPOINT WARNING * * *
Things that are here:
+0 steam dragon scales; a steam dragon corpse Unknown command. g - +0 steam dragon scales Something hits you but does no damage.
You are too injured to fight recklessly!
You are too injured to fight recklessly!
You are too injured to fight recklessly!
You start resting.
Something hits you but does no damage. x2
Something hits you.
* * * LOW HITPOINT WARNING * * *
Unknown command.
Okay, then.
Okay, then.
Something hits you!
You die...

#######............Z?........
####...........###!$.####.......
##...............##..## ######.#
#.............#......##########..
#.......########......D{.oooF..F.
.....#..# #.#..########.###.
#..###..# #....######. . #.##
#..# #####.†.#...... ..# #..#
#..[@.....# ### ##..
#...####...## # #.....## ##...# #
#.## ..# #...## # ..#
#.####...#### # #.# #.##........#
#.# #.##........# #.#
#.#.>.......# #.# ##...#.......#


There were no monsters in sight!

Vanquished Creatures
  Pikel (D:4)
  A shadow (D:6)
  A steam dragon (D:7)
  2 orc warriors
  An ice beast (D:4)
  3 necrophages
  A sky beast (D:4)
  A centaur (D:6)
  A lemure (D:4)
  A kobold brigand (D:6)
  A scorpion (D:4)
  A wyvern zombie (D:7)
  A wyvern skeleton (D:7)
  A water moccasin skeleton (D:6)
  A howler monkey (D:6)
  A crimson imp (D:4)
  A centaur zombie (D:7)
  2 hounds
  A jelly (D:6)
  2 bullfrog zombies
  A gnoll shaman (D:4)
  A bullfrog skeleton (D:4)
  2 iguanas (D:6)
  4 orc wizards
  4 gnolls
  4 adders
  A white imp (D:5)
  An ufetubus (D:6)
  An adder zombie (D:5)
  3 worms (D:2)
  5 dart slugs
  12 orcs
  12 ball pythons
  3 bats
  9 endoplasms
  2 giant cockroaches
  3 goblins
  6 hobgoblins
  4 jackals (D:4)
  A quokka (D:2)
  4 frilled lizards
  4 hobgoblin zombies (D:4)
  16 kobolds
  5 kobold skeletons (D:4)
  A kobold zombie (D:4)
  2 orc skeletons (D:4)
  3 rats (D:1)
139 creatures vanquished.

Vanquished Creatures (others)
  A kobold (D:6)
  8 plants (D:1)
  2 withered plants (D:3)
11 creatures vanquished.

Grand Total: 150 creatures vanquished

Notes
Turn   | Place    | Note
-------+----------+-------------------------------------------
     0 | D:1      | zeram the Gargoyle Fighter began the quest for the Orb.
     0 | D:1      | Reached XP level 1. HP: 14/14 MP: 1/1
   105 | D:1      | Reached XP level 2. HP: 17/19 MP: 2/2
   140 | D:1      | Found a faded altar of an unknown god.
   232 | D:1      | Reached XP level 3. HP: 11/23 MP: 3/3
  1146 | D:2      | Reached XP level 4. HP: 29/29 MP: 4/4
  2305 | D:3      | Found a runed translucent gate.
  2305 | D:3      | Found a runed translucent gate.
  2305 | D:3      | Found a runed translucent gate.
  2307 | D:3      | Noticed zeram's ghost (amateur GrFi)
  2307 | D:3      | Noticed mrw3rdna's ghost (amateur DsAK)
  2308 | D:3      | Noticed cbfl8's ghost (amateur MiWn)
  2308 | D:3      | Noticed Uniporpoise's ghost (weakling DsFi)
  3071 | D:4      | Reached XP level 5. HP: 24/33 MP: 5/5
  3255 | D:4      | Found a glowing golden altar of the Shining One.
  3315 | D:4      | Reached XP level 6. HP: 33/38 MP: 6/6
  3322 | D:4      | Identified the ring of the Screaming King {Ice Str-2 Dex+3}
  3395 | D:4      | Noticed a necrophage
  3404 | D:4      | Killed a necrophage
  3405 | D:4      | Reached skill level 1 in Dodging
  3567 | D:4      | Noticed a sky beast
  3619 | D:4      | Killed a sky beast
  3620 | D:4      | Reached XP level 7. HP: 43/44 MP: 7/7
  3655 | D:4      | Reached skill level 5 in Maces & Flails
  3808 | D:5      | Entered Level 5 of the Dungeon
  3856 | D:4      | Reached skill level 5 in Shields
  4449 | D:5      | Noticed Pikel
  4532 | D:4      | Killed Pikel
  4533 | D:4      | Reached skill level 5 in Fighting
  4533 | D:4      | Reached skill level 5 in Armour
  4533 | D:4      | Reached XP level 8. HP: 33/49 MP: 8/8
  5120 | D:6      | Noticed a shadow
  5324 | D:6      | Killed a shadow
  5414 | D:6      | Reached XP level 9. HP: 32/54 MP: 9/9
  5552 | D:6      | Found a staircase to the Ecumenical Temple.
  5565 | Temple   | Entered the Ecumenical Temple
  5739 | Temple   | Became a worshipper of Qazlal Stormbringer
  6363 | D:7      | Noticed Prince Ribbit
  6650 | D:7      | Identified the +5 ring mail "Ejagipn" {Harm rC- Str+6
                  | Stlth+}
  6745 | D:7      | HP: 2/55 [steam dragon/ball of steam (7)]
  6755 | D:7      | Mangled by an unseen horror

Illustrated notes

Levels and vault maps discovered:
D:1:      dpeg_arrival_tiny_a, layout_basic,
          shapermc_ecumenical_altar_mp_ritualfount
D:2:      layout_basic, minmay_3d_cube
D:3:      layout_loops_cross, gammafunk_ghost_cemetery
D:4:      layout_basic, nicolae_tso_besieged_by_evil
D:5:      layout_cave_pools, uniq_pikel
D:6:      layout_basic, minmay_temple_entry_tees
D:7:      layout_rooms, uniq_prince_ribbit1
Temple:   kilobyte_greek_temple

Skill      XL: |  1  2  3  4  5  6  7  8  9 |
---------------+----------------------------+-----
Shields        | 4 5 6 7 |  7.1
Maces & Flails | 3 4 6 7 |  7.9
Armour         | 4 5 6 |  6.7
Fighting       | 4 5 |  5.9
Dodging        | 1 2 |  2.7

Action                   |  1- 3 |  4- 6 |  7- 9 || total
-------------------------+-------+-------+-------++-------
Melee: Flail             |   104 |   224 |   288 ||   616
  Use: Scroll            |     3 |     1 |    11 ||    15
       Potion            |     1 |       |     5 ||     6
Armor: Scale mail        |    68 |   130 |   249 ||   447
Dodge: Dodged            |    38 |    56 |   138 ||   232
Block: Kite shield       |    60 |   113 |   210 ||   383
